Map: Para Site LE

Players

Starlord - Winner!

  • Race: Terran Terran
  • League: Master
  • Spawn Location: 5:00

Neuro

  • Race: Zerg Zerg
  • League: Grandmaster
  • Spawn Location: 11:00

VOD

Have the link to the VOD?

Description

Time

  • Played on: Dec. 4, 2018, 4:35 p.m.
  • Length: 13:51
Show
View Real Time Build Order
Export as new Build Order

Starlord Terran - Winner!

Build Orders: Gas First Reaper Expand, Hellion Opening 

Get SALT Encoding   

  12  0:01  SCV  
  13  0:13  SCV  
  14  0:17  Supply Depot  
  14  0:25  SCV  
  15  0:28  Refinery  
  15  0:39  SCV  
  16  0:45  Barracks  
  16  0:51  SCV  
  17  1:03  SCV  
  18  1:17  SCV  
  19  1:31  Orbital Command  
  19  1:33  Reaper  
  20  1:42  Command Center  
  20  1:52  Factory  
  20  1:57  SCV  
  21  2:03  Supply Depot  
  21  2:07  Barracks Reactor  
  21  2:11  SCV  
  22  2:18  Refinery  
  22  2:24  SCV  
  23  2:36  SCV  
  24  2:48  Starport  
  24  2:52  Barracks Tech Lab, Hellion x2  
  24  2:54  SCV  
  29  2:58  Orbital Command  
  29  3:07  SCV  
  30  3:15  Hellion x2  
  30  3:19  SCV  
  35  3:27  Medivac  
  35  3:28  Armory  
  35  3:31  SCV x2  
  39  3:36  Marine  
  40  3:46  SCV  
  40  3:47  Hellion x2  
  44  3:51  SCV  
  44  3:52  Supply Depot  
  45  4:01  Fusion Core  
  45  4:11  SCV  
  45  4:14  Barracks Tech Lab, Hellion x2  
  45  4:15  SCV  
  51  4:17  Supply Depot  
  51  4:29  SCV  
  52  4:33  Refinery  
  52  4:34  Marine  
  48  4:46  SCV  
  48  4:47  Command Center  
  43  5:04  SCV  
  43  5:05  SCV  
  43  5:08  Refinery, Battlecruiser  
  43  5:10  Hellion x2  
  49  5:22  SCV x2  
  49  5:27  Marine, Supply Depot  
  49  5:28  Stimpack  
  50  5:32  Engineering Bay  
  50  5:34  SCV, Hellion x2  
  55  5:39  SCV  
  56  5:45  Marine  
  56  5:46  Barracks, SCV  
  58  5:51  Barracks, SCV  
  59  5:58  SCV  
  59  5:59  Orbital Command  
  60  6:08  SCV  
  60  6:10  Marine  
  58  6:13  Terran Infantry Weapons Level 1  
  58  6:16  Engineering Bay  
  58  6:19  SCV  
  58  6:22  Medivac  
  58  6:23  SCV  
  62  6:29  Barracks x2  
  62  6:35  SCV  
  62  6:36  Siege Tank  
  62  6:39  Barracks Reactor x2  
  66  6:42  SCV  
  66  6:43  Orbital Command  
  67  6:54  SCV  
  67  6:59  Supply Depot  
  67  7:00  SCV  
  67  7:01  Supply Depot  
  69  7:02  Terran Infantry Armor Level 1  
  69  7:05  Terran Vehicle Weapons Level 1  
  69  7:07  Marine  
  70  7:14  SCV x3  
  73  7:25  Marine  
  73  7:26  SCV x2  
  73  7:28  Combat Shield  
  76  7:31  Marine x4, Barracks Reactor, Supply Depot  
  76  7:32  Supply Depot, Siege Tank  
  76  7:33  Medivac  
  76  7:34  Medivac  
  88  7:37  SCV  
  88  7:41  Marine  
  88  7:43  Marine  
  90  7:50  SCV  
  90  7:51  Marine x2  
  92  7:58  SCV x2  
  95  8:00  Refinery x2  
  95  8:03  Factory, SCV  
  95  8:04  Supply Depot, Siege Tank  
  99  8:07  Supply Depot  
  99  8:10  SCV x2  
  99  8:12  Marine x2  
  101  8:13  Terran Infantry Weapons Level 2  
  101  8:15  Marine, SCV, Barracks Reactor  
  101  8:16  Marine x4  
  109  8:26  SCV x2  
  111  8:30  Marine x2, Supply Depot  
  111  8:32  Supply Depot  
  113  8:35  Marine x3, Marauder  
  113  8:38  Siege Tank, Medivac x2  
  113  8:39  Marine  
  126  8:47  Concussive Shells  
  126  8:48  Marine, Barracks, SCV  
  127  8:50  Barracks  
  127  8:53  Supply Depot  
  128  8:56  Marine x2  
  128  8:57  Marine x3  
  128  8:58  Missile Turret  
  128  9:02  Missile Turret  
  127  9:04  Marine  
  127  9:07  Marine x2, Missile Turret  
  127  9:09  Factory Tech Lab  
  130  9:10  Siege Tank  
  130  9:12  Marine  
  130  9:14  Marine x2  
  130  9:15  Supply Depot  
  136  9:18  SCV  
  136  9:22  Missile Turret  
  136  9:32  Marine  
  136  9:38  Marine x3  
  138  9:42  Barracks Tech Lab x2, Siege Tank x2  
  138  9:43  Medivac x2  
  146  9:49  Marine  
  146  9:50  Marine  
  146  9:56  Command Center  
  144  10:03  Marine  
  144  10:04  Marine, Marauder  
  140  10:13  Terran Infantry Armor Level 2, Medivac  
  142  10:14  Siege Tank  
  142  10:15  Supply Depot, Siege Tank  
  142  10:16  Supply Depot  
  142  10:17  SCV x2  
  142  10:18  Supply Depot  
  150  10:24  SCV  
  150  10:25  Marine x2, Marauder x2  
  157  10:29  SCV  
  157  10:30  Marine x2  
  157  10:31  Marine  
  157  10:32  Missile Turret  
  157  10:34  Missile Turret  
  157  10:35  Marine, Missile Turret  
  159  10:57  Marine x2, Marauder  
  159  10:58  Marine x3, Marauder  
  166  11:04  Marine x4  
  166  11:05  Unknown x4  
  160  11:11  Siege Tank  
  160  11:14  Marine  
  160  11:15  Marine x2  
  160  11:16  Marine x2, Medivac  
  160  11:18  Marine  
  163  11:19  Marine  
  163  11:22  Marine x4  
  161  11:32  Marine x2, Planetary Fortress  
  156  11:33  Marine x3  
  156  11:36  Marauder  
  156  11:37  Marine, SCV  
  164  11:40  Marine  
  164  11:53  Marine x4, Marauder  
  169  12:13  Marine, Marauder  
  169  12:15  Marine, Marauder  
  175  12:17  Marine x4, Marauder  
  181  12:23  Marine  
  181  12:25  Marine  
  183  12:34  Marine x2  
  183  12:35  Marauder  
  183  12:36  Siege Tank  
  183  12:37  Marauder  
  192  12:38  Marauder  
  186  12:44  Marine x4  
  186  12:45  Marine  
  186  12:48  Marine  
  190  12:51  Marine  
  190  12:53  Marine, Unknown  
  190  12:55  Marine  
  190  12:57  Marine  
  189  13:00  Marine  
  189  13:02  Marine x5, Medivac  
  191  13:06  Marine  
  191  13:08  Siege Tank  
  191  13:09  Marine  
  191  13:10  Marine  
  191  13:13  Marine  
  191  13:15  Marine  
  191  13:18  Marine  
  173  13:20  Marine x5  
  173  13:22  SCV  
  173  13:23  Marine  
  180  13:27  Marine, Ghost Academy  
  180  13:28  Marine  
  181  13:34  Barracks  
  181  13:35  Barracks  
Show
View Real Time Build Order
Export as new Build Order

Neuro Zerg 

Build Orders: Hatch First, Muta Ling Bane 

Get SALT Encoding   

  12  0:01  Drone  
  13  0:13  Overlord  
  13  0:17  Drone  
  14  0:31  Drone x2  
  16  0:48  Hatchery  
  15  0:51  Drone  
  15  0:55  Drone  
  17  1:00  Drone  
  18  1:10  Extractor  
  17  1:16  Spawning Pool  
  17  1:17  Drone  
  17  1:20  Drone  
  18  1:29  Drone  
  19  1:39  Overlord  
  19  2:03  Queen x2  
  19  2:04  Zergling x6  
  26  2:11  Metabolic Boost  
  26  2:12  Drone  
  26  2:13  Drone  
  28  2:22  Drone x2  
  30  2:34  Drone x2  
  32  2:45  Overlord  
  32  2:47  Drone  
  32  2:48  Queen  
  35  2:55  Hatchery  
  35  2:56  Drone  
  35  3:03  Overlord  
  35  3:08  Drone x2  
  36  3:15  Zergling x2  
  36  3:17  Drone x5  
  42  3:26  Queen, Drone x2  
  46  3:35  Drone x2  
  48  3:45  Zergling x8  
  51  3:54  Overlord  
  51  3:56  Roach Warren  
  51  3:58  Overlord  
  50  4:05  Queen, Extractor  
  50  4:06  Queen  
  50  4:07  Queen  
  50  4:08  Drone  
  56  4:11  Overlord  
  56  4:16  Overlord  
  56  4:17  Drone x3  
  56  4:19  Drone  
  56  4:21  Drone  
  56  4:22  Drone  
  62  4:24  Drone  
  62  4:28  Drone x2  
  67  4:38  Roach x3  
  67  4:39  Roach  
  67  4:41  Roach, Zergling x2  
  66  4:55  Roach x3  
  70  5:01  Roach x2  
  70  5:02  Queen x2  
  74  5:07  Zergling x8  
  74  5:11  Drone x2  
  74  5:12  Extractor  
  79  5:20  Drone x3  
  76  5:24  Spore Crawler x2  
  76  5:27  Drone x2  
  76  5:32  Drone  
  76  5:34  Drone x3  
  80  5:38  Lair, Spore Crawler  
  80  5:41  Drone x2  
  81  5:44  Extractor  
  81  5:49  Drone x4  
  84  5:53  Queen  
  86  6:09  Drone x3  
  89  6:15  Overlord x3  
  89  6:18  Extractor x2  
  87  6:28  Drone x2  
  86  6:34  Drone x6  
  86  6:35  Drone x5  
  86  6:38  Spire  
  96  6:42  Queen, Drone x4  
  100  7:01  Queen  
  100  7:03  Overlord  
  100  7:04  Overlord x2  
  100  7:07  Overseer  
  102  7:09  Pneumatized Carapace  
  102  7:13  Hatchery  
  101  7:23  Evolution Chamber  
  101  7:27  Overseer  
  101  7:29  Zergling x4  
  106  7:30  Zergling x26  
  106  7:32  Glial Reconstitution  
  106  7:35  Drone  
  113  7:55  Zerg Ground Armor Level 1  
  113  7:56  Zerg Flyer Weapons Level 1  
  109  7:59  Mutalisk  
  109  8:00  Mutalisk x8  
  109  8:03  Drone x3  
  130  8:14  Baneling Nest  
  130  8:15  Drone  
  130  8:18  Overlord x4  
  130  8:25  Evolution Chamber  
  129  8:32  Overlord x2  
  129  8:33  Ravager x2  
  129  8:34  Ravager  
  131  8:35  Roach x2  
  131  8:40  Roach x4  
  143  8:42  Drone x2  
  145  8:49  Roach x3  
  149  8:56  Roach x3  
  149  8:58  Centrifical Hooks  
  153  9:09  Roach  
  163  9:10  Roach x5  
  165  9:18  Overlord x2  
  165  9:20  Zerg Melee Weapons Level 1  
  165  9:23  Queen  
  167  9:24  Drone  
  167  9:28  Mutalisk x2  
  167  9:29  Mutalisk  
  174  9:47  Drone x10  
  174  9:49  Mutalisk x3  
  183  10:13  Zerg Ground Armor Level 2  
  183  10:15  Drone x6  
  183  10:17  Overseer  
  183  10:19  Zergling x6, Infestation Pit  
  191  10:21  Overlord x3  
  191  10:28  Hatchery  
  190  10:41  Zergling x6  
  190  10:42  Zergling x12  
  195  10:43  Baneling x3  
  195  10:45  Baneling x3  
  168  10:57  Roach x8  
  168  11:01  Zergling x6  
  166  11:14  Zergling x22  
  160  11:18  Baneling x3  
  160  11:19  Baneling x8  
  150  11:26  Zergling x12  
  150  11:30  Mutalisk  
  156  11:38  Zergling x12  
  133  11:40  Baneling x2  
  117  11:48  Hive  
  114  11:59  Mutalisk x3  
  114  12:00  Mutalisk x2  
  121  12:10  Extractor  
  121  12:11  Zergling x14  
  121  12:12  Extractor  
  120  12:25  Zergling x22  
  124  12:40  Drone x4  
  99  12:44  Zergling x2  
  99  12:45  Zergling x4  
  99  12:47  Baneling x4  
  96  12:54  Baneling x4  
  96  12:55  Zergling x8  
  98  13:03  Zergling x4  
  86  13:18  Zergling x12  
  71  13:30  Hatchery  
Tags
 
Add a new tag
Caveats
  • Supply blocks, unpowered buildings, or Contaminate may cause inaccurate times.
  • Supply counts are checked every 10 seconds.